 Dungeon Crawl Stone Soup version 0.22-a0-358-g7563fe7 (webtiles) character file.

47915 torrenera the Carver (level 14, 0/111 HPs)
             Began as a Demonspawn Fighter on Apr 16, 2018.
             Was the Champion of Cheibriados.
             Slain by an orc warrior
             ... wielding a +0 war axe
              (25 damage)
             ... on level 2 of the Orcish Mines on Apr 18, 2018.
             The game lasted 01:10:13 (21948 turns).

torrenera the Carver (Demonspawn Fighter)          Turns: 21948, Time: 01:10:14

Health: 0/111      AC: 20    Str: 33    XL:     14   Next: 10%
Magic:  0/30       EV:  6    Int: 27    God:    Cheibriados [******]
Gold:   1629       SH: 12    Dex: 32    Spells: 8/16 levels left

rFire    . . .     SeeInvis .   a - +1 scimitar (flame)
rCold    + . .     Gourm    .   c - +0 shield
rNeg     . . .     Faith    .   k - +1 plate armour of Fashionability {rC+ Dex+3}
rPois    +         Spirit   +   L - +2 hat
rElec    .         Reflect  .   i - scarf {Spirit}
rCorr    .         Harm     .   (gloves unavailable)
MR       +....                  (no boots)
Stlth    +.........             (no amulet)
HPRegen  0.28/turn              B - ring of poison resistance
MPRegen  0.22/turn              H - ring of magical power

@: lethally poisoned (0 -> -1), about to teleport, very slow
A: claws 3, molten scales 2, demonic guardian 1, nightstalker 3
a: Bend Time, Temporal Distortion, Slouch, Step From Time, Renounce Religion


You were on level 2 of the Orcish Mines.
You worshipped Cheibriados.
Cheibriados was exalted by your worship.
You were not hungry.

You visited 3 branches of the dungeon, and saw 19 of its levels.
You also visited: Ossuary and Ice Cave.

You collected 1869 gold pieces.
You spent 240 gold pieces at shops.

Inventory:

Hand Weapons
 a - a +1 scimitar of flaming (weapon)
 w - a +0 blowgun
Missiles
 x - 61 poisoned needles
 C - 12 tomahawks
 G - 11 javelins (quivered)
 O - 6 javelins of returning
Armour
 c - a +0 shield (worn)
 i - a scarf of spirit shield (worn)
 k - the +1 plate armour of Fashionability (worn) {rC+ Dex+3}
   (You found it on level 1 of the Lair of Beasts)

   It affects your dexterity (+3).
   It protects you from cold.
 L - a +2 hat (worn)
Jewellery
 r - an uncursed ring of ice
 s - an uncursed ring of flight
 B - a ring of poison resistance (left claw)
 H - a ring of magical power (right claw)
 V - an uncursed ring of protection from fire
Wands
 g - a wand of flame (22)
 P - a wand of scattershot (14)
 Q - a wand of digging (17)
 S - a wand of iceblast (28)
 T - a wand of paralysis (47)
Scrolls
 e - a scroll of silence
 h - 5 scrolls of identify
 j - a scroll of fog
 l - 4 scrolls of immolation
 m - 5 scrolls of teleportation
 n - a scroll of torment
 o - 10 scrolls of remove curse
 p - a scroll of summoning
 y - 2 scrolls of magic mapping
 z - 3 scrolls of fear
 R - 2 scrolls of vulnerability
 W - a scroll of blinking
Potions
 b - a potion of invisibility
 d - 2 potions of might
 t - 7 potions of curing
 A - 2 potions of cancellation
 D - 3 potions of flight
 F - 6 potions of lignification
 I - a potion of brilliance
 J - a potion of ambrosia
Miscellaneous
 q - a phial of floods
 Z - a sack of spiders
Comestibles
 f - 47 rations
 u - 8 chunks of flesh


   Skills:
 * Level 10.4 Fighting
 - Level 14.0 Long Blades
 + Level 10.5 Armour
 - Level 2.6 Shields
 * Level 1.5 Spellcasting
 - Level 9.1 Translocations
 - Level 10.0 Invocations


You had 8 spell levels left.
You knew the following spells:

 Your Spells              Type           Power        Failure   Level  Hunger
a - Blink                 Tloc           N/A          11%         2    ##.....
b - Conjure Flame         Conj/Fire      #.......     100%        3    ###....
c - Mephitic Cloud        Conj/Pois/Air  #.......     100%        3    ###....


Dungeon Overview and Level Annotations

Branches:
Dungeon (11/15)            Temple (0/1) D:6            Lair (6/6) D:10
  Swamp (0/4) Lair:3        Snake (0/4) Lair:2        Slime (0/5) Lair:6
    Orc (2/2) D:10
    Elf: Orc:2

Altars:
Cheibriados
Fedhas
Hepliaklqana
Makhleb
Nemelex Xobeh
Sif Muna
Beogh
Jiyva

Shops:
D:4 (   D:8 :


Innate Abilities, Weirdness & Mutations

You have claws for hands.
You are mostly covered in molten scales. (AC +3)
A weak demonic guardian rushes to your aid.
You are completely attuned to the shadows.


Message History

The orc warrior dies!
Cheibriados appreciates the change of pace.
You feel much better.
You feel sick.
The orc priest mumbles some strange prayers to Beogh against you.
Beogh smites you!
* * * LOW HITPOINT WARNING * * *
The orc warrior barely misses your iron imp.
The orc warrior barely misses you.
The neqoxec hits you but does no damage.
Your iron imp closely misses the orc warrior.
You feel sick.
The orc warrior hits you with a war axe.
* * * LOW HITPOINT WARNING * * *
The orc warrior hits your iron imp with a hand axe!!
Your iron imp dies!
You block the orc warrior's attack. The ynoxinul gestures at you.
You block the iron shot.
The orc warrior hits you with a war axe!!
You die...

#....##.##.)).#
###.....#..#.)[). .#
##................
..##.....#....#.....<
.#.##...##...###.....
.....#.####.## #####.
....(...# ### .
....)...# #...@o###
#.5o33# #8.).8#
#...5.# #O..5o#
oo{....


You could see a neqoxec, a ynoxinul, 3 orc warriors, an ogre (fleeing), 2
quasits and an ufetubus.

Vanquished Creatures
  2 entropy weavers (Lair:4)
  6 hydras
  Erica (D:11)
  3 two-headed ogres
  A queen ant (Lair:4)
  Urug (Lair:2)
  Pikel (D:6)
  An orc sorcerer (Orc:2)
  An ugly thing (IceCv)
  10 elephants
  4 black mambas
  Joseph (D:9)
  Psyche (D:8)
  6 spiny frogs
  7 komodo dragons
  A rime drake (Lair:4)
  5 trolls
  A queen bee (Lair:2)
  A tyrant leech (Lair:3)
  4 hornets (Lair:6)
  3 polar bears
  14 blink frogs
  13 dream sheep
  5 hippogriffs
  Sigmund (D:5)
  11 spriggans (Lair:6)
  4 basilisks
  3 yaks (Lair:1)
  Eustachio (D:5)
  A steam dragon (D:7)
  Menkaure (Ossuary)
  24 soldier ants
  A warg (Orc:2)
  4 nagas (Lair:2)
  9 water moccasins
  5 porcupines
  A hornet zombie (D:9)
  5 black bears
  13 orc warriors
  A swamp drake (D:10)
  A phantom (D:5)
  3 sky beasts
  8 ice beasts
  4 centaurs
  8 ogres
  24 wolves
  5 boggarts (Lair:6)
  7 crocodiles
  11 bullfrogs
  3 scorpions
  26 killer bees (Lair:2)
  5 wights (D:6)
  An electric eel (Lair:2)
  2 crimson imps
  3 howler monkeys
  4 centaur zombies
  3 jellies
  Crazy Yiuf (D:2)
  10 orc priests
  The ghost of Kikal the Chiller, a weakling FeIE (D:3)
  5 hounds
  A centaur skeleton (D:4)
  23 worker ants
  16 orc wizards
  2 ogre zombies (Ossuary)
  A hound zombie (D:10)
  6 mummies (Ossuary)
  A worker ant zombie (D:9)
  16 adders
  4 shadow imps
  2 oozes
  3 adder zombies (Ossuary)
  4 adder skeletons
  2 worms
  A dart slug (D:2)
  5 leopard geckos
  57 orcs
  5 giant cockroaches
  8 goblins
  7 hobgoblins
  15 jackals
  4 quokkas
  2 ball pythons
  6 bats
  8 frilled lizards
  4 goblin zombies (Ossuary)
  5 hobgoblin zombies (Ossuary)
  6 kobolds
  3 kobold zombies (Ossuary)
  2 quokka skeletons
  5 quokka zombies (Ossuary)
  9 rats
  4 rat zombies (Ossuary)
  A butterfly (Lair:1)
551 creatures vanquished.

Vanquished Creatures (collateral kills)
  An elephant (Lair:6)
  A blink frog (Lair:6)
  Prince Ribbit (D:5)
  3 dream sheep (Lair:5)
  A soldier ant (Lair:4)
  A warg (Orc:1)
  An orc warrior (Orc:2)
  The ghost of Oozefury the Chiller, an amateur FeIE of Cheibriados (D:6)
  An ogre (D:9)
  A wolf (Lair:6)
  A worker ant (Lair:4)
  An adder (D:5)
  7 orcs
  A jackal (D:5)
22 creatures vanquished.

Vanquished Creatures (others)
  3 orcs (D:6)
  7 fungi
  3 plants (Lair:6)
13 creatures vanquished.

Grand Total: 586 creatures vanquished

Notes
Turn   | Place    | Note
-------+----------+-------------------------------------------
     0 | D:1      | torrenera the Demonspawn Fighter began the quest for the Orb.
     0 | D:1      | Reached XP level 1. HP: 18/18 MP: 1/1
    19 | D:1      | Reached skill level 2 in Long Blades
   215 | D:1      | Gained mutation: You are slightly more attuned to the shadows. [demonic ancestry]
   215 | D:1      | Reached XP level 2. HP: 21/24 MP: 0/2
   459 | D:1      | Reached skill level 3 in Long Blades
   854 | D:1      | Upgraded the game from 0.22-a0-354-g30dfbe6 to 0.22-a0-355-g201945f
   913 | D:2      | Reached XP level 3. HP: 29/29 MP: 3/3
   959 | D:2      | Found a snail-covered altar of Cheibriados.
   974 | D:2      | Became a worshipper of Cheibriados the Contemplative
  1245 | D:2      | Reached * piety under Cheibriados
  1334 | D:2      | Gained mutation: You have sharp fingernails. [demonic ancestry]
  1334 | D:2      | Reached XP level 4. HP: 35/35 MP: 4/4
  1339 | D:2      | Reached skill level 4 in Long Blades
  1518 | D:2      | Found a runed door.
  1522 | D:2      | Noticed Crazy Yiuf
  1527 | D:2      | Killed Crazy Yiuf
  1559 | D:2      | Found a sparkling altar of Nemelex Xobeh.
  1561 | D:2      | Found a blossoming altar of Fedhas.
  1565 | D:2      | Found a hazy altar of Hepliaklqana.
  1603 | D:2      | Found a deep blue altar of Sif Muna.
  1818 | D:3      | Noticed Kikal's ghost (weakling FeIE)
  2482 | D:3      | Killed Kikal's ghost
  2482 | D:3      | Gained mutation: You are partially covered in molten scales. (AC +2) [demonic ancestry]
  2482 | D:3      | Reached XP level 5. HP: 32/41 MP: 3/5
  2493 | D:3      | Noticed a two-headed ogre
  2608 | D:3      | Killed a two-headed ogre
  2608 | D:3      | Reached skill level 8 in Long Blades
  2608 | D:3      | Gained mutation: A weak demonic guardian rushes to your aid. [demonic ancestry]
  2608 | D:3      | Reached XP level 6. HP: 4/47 MP: 1/6
  2608 | D:3      | Gained mutation: You have very sharp fingernails. [demonic ancestry]
  2608 | D:3      | Reached XP level 7. HP: 5/52 MP: 1/7
  2940 | D:3      | Reached ** piety under Cheibriados
  3255 | D:3      | Found a burning altar of Makhleb.
  3452 | D:4      | Found a sand-covered staircase.
  3487 | D:4      | Reached skill level 1 in Invocations
  3551 | Ossuary  | Entered an ossuary
  3668 | Ossuary  | Gained mutation: You are significantly more attuned to the shadows. [demonic ancestry]
  3668 | Ossuary  | Reached XP level 8. HP: 44/58 MP: 6/9
  3722 | Ossuary  | Reached *** piety under Cheibriados
  3944 | Ossuary  | Noticed Menkaure
  3954 | Ossuary  | Killed Menkaure
  4223 | D:4      | Reached skill level 9 in Long Blades
  4503 | D:4      | Found Jumug's Antique Weapon Shop.
  4660 | D:4      | Reached **** piety under Cheibriados
  5305 | D:5      | Entered Level 5 of the Dungeon
  5333 | D:5      | Reached skill level 5 in Fighting
  5564 | D:5      | Noticed Eustachio
  5592 | D:5      | Killed Eustachio
  5596 | D:5      | Reached XP level 9. HP: 67/68 MP: 11/11
  5794 | D:5      | Reached ***** piety under Cheibriados
  5847 | D:5      | Noticed Sigmund
  5853 | D:5      | Killed Sigmund
  5915 | D:5      | Noticed Prince Ribbit
  5925 | D:5      | Killed Prince Ribbit
  6033 | D:6      | Reached skill level 10 in Long Blades
  6092 | D:6      | Noticed Oozefury's ghost (amateur FeIE)
  6108 | D:6      | Killed Oozefury's ghost
  6382 | D:6      | Reached skill level 5 in Invocations
  6455 | D:6      | Found a staircase to the Ecumenical Temple.
  6664 | D:6      | Noticed Pikel
  6672 | D:6      | Killed Pikel
  7156 | D:7      | Reached XP level 10. HP: 76/80 MP: 14/14
  7462 | D:7      | Got a pair of smoking gloves
  7473 | D:7      | Identified the +5 pair of gloves of Theory {MR++ Int+3 Dex+2} (You found it on level 7 of the Dungeon)
  7546 | D:7      | Reached skill level 11 in Long Blades
  7693 | D:8      | Noticed Psyche
  7700 | D:8      | Killed Psyche
  7868 | D:8      | Found Mihuv's Book Boutique.
  7874 | D:8      | Bought a book of Minor Magic for 240 gold pieces
  7877 | D:8      | Learned a level 2 spell: Blink
  7881 | D:8      | Learned a level 3 spell: Conjure Flame
  7885 | D:8      | Learned a level 3 spell: Mephitic Cloud
  7912 | D:8      | Noticed a two-headed ogre
  7920 | D:8      | Killed a two-headed ogre
  8521 | D:9      | Reached ****** piety under Cheibriados
  8646 | D:9      | Noticed Joseph
  8655 | D:9      | Killed Joseph
  9303 | D:10     | Entered Level 10 of the Dungeon
  9648 | D:10     | Noticed a two-headed ogre
  9653 | D:10     | Killed a two-headed ogre
  9653 | D:10     | Reached skill level 12 in Long Blades
  9653 | D:10     | Gained mutation: You are mostly covered in molten scales. (AC +3) [demonic ancestry]
  9653 | D:10     | Reached XP level 11. HP: 88/89 MP: 16/16
  9807 | D:10     | Found a staircase to the Orcish Mines.
 10015 | D:10     | Identified a scroll of acquirement
 10033 | D:10     | Found a staircase to the Lair.
 10104 | Lair:1   | Entered Level 1 of the Lair of Beasts
 10488 | D:11     | Reached skill level 10 in Fighting
 10558 | D:11     | Noticed Erica
 10566 | D:11     | Killed Erica
 10985 | Lair:1   | Got an ichor-stained plate armour
 11024 | Lair:1   | Identified the +1 plate armour of Fashionability {rC+ Dex+3} (You found it on level 1 of the Lair of Beasts)
 11504 | Lair:2   | Noticed a seven-headed hydra
 11514 | Lair:2   | Killed a five-headed hydra
 11788 | Lair:2   | Reached skill level 13 in Long Blades
 11792 | Lair:2   | Found a staircase to the Snake Pit.
 12857 | Lair:2   | Noticed Urug
 12866 | Lair:2   | Killed Urug
 13056 | Lair:2   | Found a hazy altar of Hepliaklqana.
 13709 | Lair:3   | Gained mutation: You have claws for hands. [demonic ancestry]
 13709 | Lair:3   | Reached XP level 12. HP: 85/97 MP: 19/19
 13759 | Lair:3   | Noticed a five-headed hydra
 13770 | Lair:3   | Killed a two-headed hydra
 13770 | Lair:3   | Reached skill level 14 in Long Blades
 14071 | Lair:3   | Reached skill level 10 in Invocations
 14247 | Lair:3   | Reached skill level 1 in Translocations
 14631 | Lair:3   | Found a staircase to the Swamp.
 14971 | Lair:4   | Found a frozen archway.
 14986 | IceCv    | Entered an ice cave
 15065 | IceCv    | Found a transporter.
 15110 | Lair:4   | Reached skill level 5 in Armour
 16239 | Lair:4   | Noticed an entropy weaver
 16240 | Lair:4   | Noticed a queen ant
 16612 | Lair:4   | Killed an entropy weaver
 16616 | Lair:4   | Noticed an entropy weaver
 16630 | Lair:4   | Killed an entropy weaver
 17266 | Lair:4   | Killed a queen ant
 17266 | Lair:4   | Gained mutation: You are completely attuned to the shadows. [demonic ancestry]
 17266 | Lair:4   | Reached XP level 13. HP: 86/103 MP: 20/20
 17954 | Lair:5   | Reached skill level 5 in Translocations
 18782 | Lair:6   | Entered Level 6 of the Lair of Beasts
 18949 | Lair:6   | Reached skill level 10 in Armour
 19688 | Lair:6   | Found a staircase to the Slime Pits.
 19688 | Lair:6   | Found a viscous altar of Jiyva.
 20109 | Lair:6   | Upgraded the game from 0.22-a0-355-g201945f to 0.22-a0-358-g7563fe7
 20802 | Lair:6   | Reached XP level 14. HP: 108/110 MP: 21/21
 21117 | Orc:1    | Entered Level 1 of the Orcish Mines
 21160 | Orc:1    | Reached skill level 1 in Spellcasting
 21314 | Orc:1    | Found a roughly hewn altar of Beogh.
 21666 | Orc:2    | Entered Level 2 of the Orcish Mines
 21948 | Orc:2    | Slain by an orc warrior

Vault maps used:
D:1:      lightli_arrival_statuegarden
D:2:      lemuel_coloured_pillars_altar, cheibriados_altar_1, minitemple,
          minmay_cut_off, uniq_crazy_yiuf_cottage
D:3:      minivault_24, eino_tiny_chamber, bloody_makhleb
D:4:      cheibrodos_quashed, nicolae_ossuary_entry_false_entrances,
          serial_shops, shop_statue
D:5:      first_ration, kennysheep_small_square, uniq_prince_ribbit1,
          uniq_eustachio, uniq_sigmund
D:6:      minmay_temple_entry_overgrown, uniq_pikel
D:7:      grunt_ogre_cave
D:8:      serial_shops, shop_fountains, uniq_psyche
D:9:      serial_glass, glass_columns_b, glass_columns_a, item_on_display_a,
          feat_on_display, minivault_5, uniq_joseph
D:10:     lair_entry_dummy, erik_orc_1, kennysheep_generic_room_5
D:11:     uniq_erica
Lair:1:   lemuel_fruit_fields
Lair:2:   guppyfry_snake_entry_garden, basic_altar, special_room,
          infiniplex_staircase_pool, uniq_urug
Lair:3:   minmay_swamp_entry_worms, st_stairs_6, beast_lair_carwin_9,
          serial_bayou_shore_b
Lair:4:   portal_ice_cave_entry_pillars_1, minivault_29
Lair:6:   minmay_lair_end_enchanted_forest, slime_altar_1, lemuel_fruit_fields
Orc:1:    basic_altar, minmay_orc_temple_a
Orc:2:    grunt_orc_cross, serial_shops, shop, uniq_erolcha
Ossuary:  ossuary_boxes_badplayer
IceCv:    ice_cave_statue_garden_teleport

Skill      XL: |  1  2  3  4  5  6  7  8  9 10 11 12 13 14 |
---------------+-------------------------------------------+-----
Long Blades    | 2 3 4 8 9 10 12 13 14 | 14.0
Invocations    | 1 3 5 7 9 10 | 10.0
Fighting       | 5 7 9 10 | 10.4
Armour         | 8 10 | 10.5
Translocations | 4 9 |  9.1
Spellcasting   | 1 |  1.5
Shields        | |  2.6

Action                   |  1- 3 |  4- 6 |  7- 9 | 10-12 | 13-15 || total
-------------------------+-------+-------+-------+-------+-------++-------
Melee: Long sword        |   138 |    77 |   476 |       |       ||   691
       Scimitar          |       |       |    26 |   736 |   567 ||  1329
 Fire: Hunting sling     |     4 |    34 |   103 |    18 |       ||   159
       Blowgun           |       |     6 |       |       |       ||     6
Throw: Stone             |       |     2 |       |     1 |       ||     3
       Javelin           |       |       |       |    14 |    15 ||    29
Invok: Slouch            |       |       |       |     2 |     3 ||     5
       Temporal Distorti |       |       |       |       |     1 ||     1
Evoke: Wand              |       |       |     7 |     4 |     5 ||    16
  Use: Potion            |       |     1 |       |     1 |     1 ||     3
       Scroll            |       |       |    14 |    15 |     7 ||    36
 Stab: Confused          |       |       |       |     3 |       ||     3
       Distracted        |       |       |       |     2 |     5 ||     7
       Sleeping          |       |       |       |       |     1 ||     1
  Eat: Chunk             |     2 |     1 |     8 |    16 |     9 ||    36
       Ration            |       |       |       |     1 |       ||     1
Armor: Chain mail        |    80 |    40 |   153 |       |       ||   273
       Scale mail        |     1 |       |       |       |       ||     1
       Plate armour      |       |       |   131 |   434 |   378 ||   943
       Crystal plate arm |       |       |       |   121 |       ||   121
Dodge: Dodged            |    26 |    18 |    73 |   127 |   126 ||   370
Block: Shield            |    66 |    56 |   241 |   508 |   371 ||  1242
       Rpst.: Long sword |     6 |     4 |    18 |       |       ||    28
       Scimitar          |       |       |     1 |    35 |    24 ||    60

Table legend:
 A = Spawn XP
 B = Non-spawn XP
 C = Spawn XP percentage of total XP
 D = Spawn monster count
 E = Non-spawn monster count
 F = Spawn count percentage of total count
 G = Total turns spent on level
                    A         B        C        D         E        F      G
               +---------+---------+-------+---------+---------+-------+---------
         Total |       0 |   68450 |   0.0 |       0 |     573 |   0.0 | 21948
               +---------+---------+-------+---------+---------+-------+---------
           D:1 |       0 |      38 |   0.0 |       0 |      20 |   0.0 |   890
           D:2 |       0 |     114 |   0.0 |       0 |      30 |   0.0 |  1264
           D:3 |       0 |    1037 |   0.0 |       0 |      26 |   0.0 |  1171
           D:4 |       0 |     540 |   0.0 |       0 |      28 |   0.0 |  1372
           D:5 |       0 |    1262 |   0.0 |       0 |      25 |   0.0 |   718
           D:6 |       0 |    1705 |   0.0 |       0 |      25 |   0.0 |   972
           D:7 |       0 |    1192 |   0.0 |       0 |      20 |   0.0 |   693
           D:8 |       0 |    1772 |   0.0 |       0 |      13 |   0.0 |   798
           D:9 |       0 |    1610 |   0.0 |       0 |      17 |   0.0 |   817
          D:10 |       0 |    1716 |   0.0 |       0 |      33 |   0.0 |   925
          D:11 |       0 |    1408 |   0.0 |       0 |       6 |   0.0 |   177
        Lair:1 |       0 |    2700 |   0.0 |       0 |      18 |   0.0 |  1195
        Lair:2 |       0 |    4710 |   0.0 |       0 |      37 |   0.0 |  1927
        Lair:3 |       0 |    6666 |   0.0 |       0 |      26 |   0.0 |  2861
        Lair:4 |       0 |   10613 |   0.0 |       0 |      55 |   0.0 |  1394
        Lair:5 |       0 |    6833 |   0.0 |       0 |      27 |   0.0 |  1129
        Lair:6 |       0 |   18943 |   0.0 |       0 |      75 |   0.0 |  2096
         Orc:1 |       0 |    1765 |   0.0 |       0 |      24 |   0.0 |   549
         Orc:2 |       0 |    2019 |   0.0 |       0 |      25 |   0.0 |   282
       Ossuary |       0 |     507 |   0.0 |       0 |      36 |   0.0 |   608
         IceCv |       0 |    1300 |   0.0 |       0 |       7 |   0.0 |   110
               +---------+---------+-------+---------+---------+-------+---------
